 Dungeon Crawl Stone Soup version 0.18.1-48-g4cf74bf (webtiles) character file.

224 vale the Ruffian (level 6, -2/47 HPs)
             Began as a Ghoul Wizard on July 9, 2016.
             Slain by Natasha (5 damage)
             ... on level 2 of the Dungeon.
             The game lasted 00:14:03 (3617 turns).

vale the Ruffian (Ghoul Wizard)                     Turns: 3617, Time: 00:14:04

Health: -2/47      AC:  5    Str: 16    XL:     6   Next: 0%
Magic:  3/9        EV: 11    Int: 13    God:
Gold:   112        SH:  0    Dex:  9    Spells: 4 memorised, 2 levels left

rFire  + + .     SeeInvis .       - Unarmed
rCold  + . .     Gourm    .     o - +2 leather armour {rF+}
rNeg   + + +     Faith    .     (no shield)
rPois  ∞         Spirit   .     b - +0 hat
rElec  .         Dismiss  .     (no cloak)
rCorr  .         Reflect  .     (no gloves)
SustAt .         Harm     .     (no boots)
MR     .....                    (no amulet)
Stlth  +.........               r - ring of protection from fire
                                n - ring of flight

@: mighty, very slightly contaminated, rotting, slowed, very slow, not resistant
to hostile enchantments, very unstealthy
A: rotting body, claws 1, carnivore 3, cold resistance 1, negative energy
resistance 3, slow regeneration 1, torment resistance, unbreathing
a: Evoke Flight


You were on level 2 of the Dungeon.
You were not hungry.

You visited 1 branch of the dungeon, and saw 3 of its levels.

You collected 112 gold pieces.

Inventory:

Hand Weapons
 j - a +1 dagger of speed
Missiles
 e - 65 stones (quivered)
Armour
 b - a +0 hat (worn)
 f - a +0 ring mail
 o - a +2 leather armour of fire resistance (worn)
Jewellery
 n - a ring of flight (left claw)
 r - a ring of protection from fire (right claw)
Scrolls
 a - a scroll of blinking {unknown}
 g - a scroll of amnesia {unknown}
 h - 5 scrolls of identify {unknown}
 i - 2 scrolls of teleportation {unknown}
 p - a scroll of remove curse {unknown}
 s - 2 scrolls of recharging {unknown}
Potions
 l - a potion of curing {unknown}
 q - a potion of flight {unknown}
Books
 c - a book of Minor Magic

   Spells                             Type                      Level
   a - Magic Dart                     Conjuration                  1
   b - Blink                          Translocation                2
   c - Call Imp                       Summoning                    2
   d - Repel Missiles                 Charms/Air                   2
   e - Slow                           Hexes                        2
   f - Conjure Flame                  Conjuration/Fire             3
   g - Mephitic Cloud                 Conjuration/Poison/Air       3
Comestibles
 d - 3 meat rations {@e2}


   Skills:
 - Level 1.5 Fighting
 - Level 1.7 Dodging
 - Level 2.1 Stealth
 + Level 5.7 Unarmed Combat
 - Level 2.6 Spellcasting
 - Level 0.7 Conjurations
 - Level 0.8 Summonings
 - Level 0.8 Translocations


You had 2 spell levels left.
You knew the following spells:

 Your Spells              Type           Power        Failure   Level  Hunger
a - Magic Dart            Conj           #...         24%         1    #......
d - Mephitic Cloud        Conj/Pois/Air  #.......     86%         3    ###....
e - Call Imp              Summ           #.......     30%         2    ###....
p - Blink                 Tloc           N/A          30%         2    ###....


Dungeon Overview and Level Annotations

Branches:
Dungeon (3/15)

Altars:
Zin

Annotations:
D:2 Natasha
D:3 ReaperSqirrel's ghost, amateur HOFi


Innate Abilities, Weirdness & Mutations

Your body is rotting away.
You thrive on raw meat.
You are immune to poison.
You have sharp fingernails.
You are carnivorous and can eat meat at any time.
Your flesh is cold resistant.
You are immune to negative energy.
You regenerate slowly when monsters are visible.
You are immune to unholy pain and torment.
You can survive without breathing.


Message History

* * * LOW HITPOINT WARNING * * *
You take 6 damage, and have 19/47 hp.
You now have 6/9 mp.
You miscast Call Imp.
A fistful of eyes flickers past your view.
Natasha claws you but does no damage.
You now have 4/9 mp.
You miscast Call Imp.
Nothing appears to happen.
Natasha claws you!
* * * LOW HITPOINT WARNING * * *
Natasha misses you.
You take 8 damage, and have 11/47 hp.
You now have 2/9 mp.
Okay, then.
Unknown command.
Drink which item? (? for menu, Esc to quit)
It was a potion of might.
You feel very mighty all of a sudden. Natasha claws you but does no damage.
You scratch Natasha. Natasha claws you!
* * * LOW HITPOINT WARNING * * *
Natasha claws you.
You die...

....+......'........#.....#
....#......'##...##.#.###.#
....[##+##.....#.##.#.# #.#
......#.##.......##.#.# #.#
....#.#.##.....#)##.#.# #.#
....._.........#.##.#.# #.#
.##.#.#.#.#....#.##.#.# #.#
.)....#.#.######.##.#.# #.#
................@h..#.# #.#
#.....#.#.###.#.#####.# #.###
......#...# #.#.#.....# #...#
#.#...#.#####...#.#########.#
.....<......................#
###########.#......##########
............#...####
#.####.####.#...#
#.#..'.'..#.#.(.#


You could see Natasha.

Vanquished Creatures
  Natasha (twice) (D:3)
  3 gnolls
  3 adders (D:2)
  2 oozes (D:2)
  A worm (D:2)
  3 dart slugs
  A giant gecko (D:1)
  3 giant cockroaches
  5 goblins
  10 hobgoblins
  6 jackals
  2 ball pythons
  7 bats
  5 giant newts
  4 kobolds
  5 rats
62 creatures vanquished.

Vanquished Creatures (collateral kills)
  A hound (D:3)
  2 gnolls (D:2)
  2 adders
  A hobgoblin (D:3)
6 creatures vanquished.

Grand Total: 68 creatures vanquished

Notes
Turn   | Place    | Note
--------------------------------------------------------------
     0 | D:1      | vale the Ghoul Wizard began the quest for the Orb.
     0 | D:1      | Reached XP level 1. HP: 14/14 MP: 3/3
   252 | D:1      | Reached skill level 1 in Unarmed Combat
   327 | D:1      | Reached XP level 2. HP: 22/22 MP: 0/4
   403 | D:1      | Reached skill level 1 in Fighting
  1354 | D:1      | Reached skill level 2 in Unarmed Combat
  1354 | D:1      | Reached XP level 3. HP: 25/28 MP: 6/6
  1715 | D:2      | Found a glowing silver altar of Zin.
  1768 | D:2      | Learned a level 2 spell: Blink
  1771 | D:2      | Learned a level 2 spell: Call Imp
  1865 | D:2      | Reached skill level 3 in Unarmed Combat
  2099 | D:2      | Reached XP level 4. HP: 35/35 MP: 2/7
  2558 | D:2      | Reached skill level 4 in Unarmed Combat
  2826 | D:3      | Reached XP level 5. HP: 40/40 MP: 2/8
  2871 | D:3      | Noticed Natasha
  2878 | D:3      | Killed Natasha
  2878 | D:3      | Reached skill level 5 in Unarmed Combat
  2887 | D:3      | Noticed ReaperSqirrel's ghost (amateur HOFi)
  3352 | D:3      | Learned a level 3 spell: Mephitic Cloud
  3379 | D:3      | Noticed Natasha
  3430 | D:3      | Killed Natasha
  3472 | D:3      | these bats are embarrassing me
  3546 | D:3      | Noticed Natasha
  3555 | D:2      | Reached XP level 6. HP: 39/47 MP: 5/9
  3617 | D:2      | Slain by Natasha

Skill      XL: |  1  2  3  4  5 |
---------------+----------------+-----
Unarmed Combat | 1 2 3 4 5 |  5.7
Fighting       | 1 |  1.5
Dodging        | |  1.7
Stealth        | |  2.1
Spellcasting   | |  2.6
Conjurations   | |  0.7
Summonings     | |  0.8
Translocations | |  0.8

Action                   |  1- 3 |  4- 6 || total
-------------------------+-------+-------++-------
Melee: Unarmed           |   117 |   102 ||   219
       Punch             |       |     1 ||     1
 Cast: Magic Dart        |    35 |    46 ||    81
       Call Imp          |     1 |    11 ||    12
  Use: Potion            |       |     1 ||     1
  Eat: Chunk             |    14 |     6 ||    20
Armor: Ring mail         |    39 |     2 ||    41
       Leather armour    |       |    35 ||    35
Dodge: Dodged            |    54 |    66 ||   120
